 Dungeon Crawl Stone Soup version 0.29.0-7-g18a832c13a (webtiles) character file.

Game seed: 15783122009027092831

93564 Axelsxxd the Geomancer (level 16, -3/99 HPs)
             Began as an Octopode Earth Elementalist on Aug 30, 2022.
             Was an Elder of Sif Muna.
             Slain by a culicivora simulacrum (9 damage)
             ... on level 1 of the Spider Nest on Aug 31, 2022.
             The game lasted 01:46:03 (37679 turns).

Axelsxxd the Geomancer (OpEE)                      Turns: 37679, Time: 01:46:03

Health: -3/99      AC:  5    Str:  7    XL:     16   Next: 9%
Magic:  31/59      EV:  9    Int: 24    God:    Sif Muna [****..]
Gold:   1078       SH:  0    Dex: 14    Spells: 14/40 levels left

rFire   + . .      SeeInvis +   E - staff of conjuration
rCold   + . .      Faith    .   X - orb {*channel}
rNeg    . . .      Spirit   .   (helmet restricted)
rPois   +          Reflect  .   j - amulet of regeneration
rElec   .          Harm     .   T - ring of protection from fire
rCorr   +          Rampage  .   N - ring of Seixiu {rPois Will+ MP+9 Slay+2}
Will    ++...                   v - ring of protection from cold
Stlth   ++++......              u - ring of see invisible
HPRegen 1.06/turn               F - ring of magical power
MPRegen 0.36/turn               L - +4 ring of protection
                                K - ring of resist corrosion
                                c - ring of magical power

@: very slightly contaminated, held
A: almost no armour, amphibious, 8 rings, camouflage 1, gelatinous body 1,
(nimble swimmer 1), tentacles
a: Renounce Religion, Channel Magic, Forget Spell, Divine Exegesis


You were on level 1 of the Spider Nest.
You worshipped Sif Muna.
Sif Muna was greatly pleased with you.
You visited 5 branches of the dungeon, and saw 24 of its levels.
You also visited: Sewer.

You collected 2729 gold pieces.
You spent 1651 gold pieces at shops.

Inventory:

Armour
 X - an orb of energy (worn)
Magical Staves
 E - a staff of conjuration (weapon)
Jewellery
 c - a ring of magical power (on tentacle)
 j - an amulet of regeneration (around mantle)
 l - a ring of flight
 o - a ring of ice
 u - a ring of see invisible (on tentacle)
 v - a ring of protection from cold (on tentacle)
 F - a ring of magical power (on tentacle)
 K - a ring of resist corrosion (on tentacle)
 L - a +4 ring of protection (on tentacle)
 N - the ring of Seixiu (right tentacle) {rPois Will+ MP+9 Slay+2}
   (You found it on level 10 of the Dungeon)

   [ring of magical power]

   Slay:      It affects your accuracy & damage with ranged weapons and melee
   (+2).
   rPois:     It protects you from poison.
   MP:        It affects your magic capacity (+9).
   Will:      It increases your willpower.
 S - a ring of ice
 T - a ring of protection from fire (left tentacle)
Wands
 a - a wand of mindburst (2)
 t - a wand of paralysis (4)
 C - a wand of roots (17)
 M - a wand of digging (3)
 O - a wand of flame (20)
Scrolls
 e - 4 scrolls of amnesia
 f - 4 scrolls of noise
 g - 5 scrolls of vulnerability
 i - 2 scrolls of enchant armour
 n - 2 scrolls of immolation
 p - 4 scrolls of poison
 q - 5 scrolls of teleportation
 r - 4 scrolls of enchant weapon
 w - 2 scrolls of torment
 y - 10 scrolls of butterflies
 D - 2 scrolls of brand weapon
 G - 5 scrolls of identify
 H - 3 scrolls of magic mapping
 Q - 2 scrolls of silence
 V - a scroll of blinking
 W - a scroll of fear
Potions
 b - 5 potions of might
 d - 3 potions of heal wounds
 h - 3 potions of invisibility
 k - 5 potions of haste
 m - 8 potions of curing
 s - 9 potions of brilliance
 x - 10 potions of flight
 z - 6 potions of lignification
 A - 2 potions of cancellation
 B - 9 potions of berserk rage
 I - 2 potions of resistance
 J - 9 potions of ambrosia
 R - 2 potions of mutation
 U - a potion of attraction
Miscellaneous
 P - a tin of tremorstones (2/2)


   Skills:
 - Level 6.0 Fighting
 + Level 9.0 Dodging
 - Level 4.0 Stealth
 + Level 12.5 Spellcasting
 + Level 14.2 Conjurations
 + Level 5.6 Transmutations
 - Level 8.0 Air Magic
 + Level 14.9 Earth Magic
 - Level 3.0 Invocations
 * Level 3.2 Evocations


You had 14 spell levels left.
You knew the following spells:

 Your Spells              Type           Power      Damage    Failure   Level
a - Sandblast             Erth           100%       2d20      0%          1
b - Stone Arrow           Conj/Erth      100%       3d13      1%          3
c - Lightning Bolt        Conj/Air       40%        1d59      1%          5
d - Iron Shot             Conj/Erth      45%        9d9       1%          6
e - Irradiate             Conj/Tmut      38%        3d24      1%          5
f - Statue Form           Tmut/Erth      39%        N/A       9%          6

Your spell library contained the following spells:

 Spells                   Type           Power      Damage    Failure   Level
 Magic Dart               Conj           100%       1d8       0%          1
 Beastly Appendage        Tmut           84%        N/A       1%          1
 Foxfire                  Conj/Fire      100%       2x1d9     1%          1
 Shock                    Conj/Air       100%       1d9       1%          1
 Passwall                 Tmut/Erth      49%        N/A       1%          2
 Searing Ray              Conj           100%       2d8       1%          2
 Static Discharge         Conj/Air       80%        3-13/arc  1%          2
 Conjure Flame            Conj/Fire      65%        6-21      1%          3
 Mephitic Cloud           Conj/Pois/Air  66%        N/A       1%          3
 Petrify                  Tmut/Erth      59%        N/A       1%          4
 Iskenderun's Battlesphe  Conj           90%        2d14      1%          5
 Flame Wave               Conj/Fire      65%        2d15      2%          4
 Fulminant Prism          Conj/Hex       32%        3d16      2%          4
 Iskenderun's Mystic Bla  Conj/Tloc      65%        2d13      2%          4
 Sticky Flame             Conj/Fire      65%        2d8       2%          4
 Freezing Cloud           Conj/Ice/Air   33%        6-21      5%          5
 Scorch                   Fire           30%        2d6       6%          2
 Conjure Ball Lightning   Conj/Air       40%        3x3d13    6%          6
 Orb of Destruction       Conj           45%        9d12      10%         7
 Frozen Ramparts          Ice            30%        1d5       12%         3
 Inner Flame              Hex/Fire       15%        N/A       12%         3
 Ice Form                 Ice/Tmut       28%        N/A       13%         4
 Corpse Rot               Necr/Pois/Air  27%        N/A       14%         4
 Silence                  Hex/Air        17%        N/A       22%         5
 Starburst                Conj/Fire      32%        6d10      32%         6
 Yara's Violent Unravell  Hex/Tmut       14%        3d7       34%         5
 Dispel Undead            Necr           15%        3d10      38%         4
 Passage of Golubria      Tloc           15%        N/A       38%         4
 Summon Ice Beast         Ice/Summ       15%        N/A       38%         4
 Lehudib's Crystal Spear  Conj/Erth      45%        10d11     56%         8
 Metabolic Englaciation   Hex/Ice        7%         N/A       75%         5
 Summon Forest            Summ/Tloc      7%         N/A       75%         5
 Eringya's Noxious Bog    Tmut/Pois      14%        N/A       89%         6
 Storm Form               Tmut/Air       23%        N/A       91%         7
 Death Channel            Necr           7%         N/A       99%         6
 Simulacrum               Ice/Necr       7%         N/A       99%         6
 Summon Cactus Giant      Summ           7%         N/A       99%         6
 Summon Hydra             Summ           7%         N/A       100%        7
 Maxwell's Capacitive Co  Air            26%        ∞         100%        8
 Polar Vortex             Ice            7%         N/A       100%        9


Dungeon Overview and Level Annotations

Branches:
Dungeon (15/15)            Temple (1/1) D:5            Lair (5/5) D:11
  Swamp (0/4) Lair:2       Spider (1/4) Lair:2        Slime (0/5) Lair:5
    Orc (2/2) D:11            Elf (0/3) Orc:2        Vaults (0/5) D:13
 Depths (0/4) D:15          Sewer (visited)

Altars:
Ashenzari
Cheibriados
Dithmenos
Elyvilon
Fedhas
Gozag
Hepliaklqana
Kikubaaqudgha
Makhleb
Nemelex Xobeh
Okawaru
Qazlal
Ru
Sif Muna
Trog
Uskayaw
Vehumet
Wu Jian
Xom
Yredelemnul
Zin
The Shining One
Jiyva

Shops:
D:5 (   D:6 [   D:7 ?   Orc:2 (!==

Annotations:
D:10 1 runed translucent door, Irupsat's ghost, journeyman DrCj
D:14 Roxanne
Lair:3 3 runed translucent doors, Mandevil's ghost, journeyman TrEE


Innate Abilities, Weirdness & Mutations

You cannot wear most types of armour.
You are amphibious.
You can wear up to eight rings at the same time.
Your skin changes colour to match your surroundings (Stealth+).
Your rubbery body absorbs attacks. (AC +1, EV +1)
((You are camouflaged when in or above water. (Stealth+)))
You have tentacles for arms and can constrict up to eight enemies at once.


Message History

You are caught in a web!
The jumping spider bites you but does no damage.
The wolf spider simulacrum hits you. The wolf spider simulacrum freezes you!
You resist. The wolf spider simulacrum bites you.
The wolf spider simulacrum freezes you! You resist.
The culicivora barely misses you.
The jumping spider leaps!
Unknown command.
Casting: Iron Shot (dangerous; 1% risk of failure)
Confirm with . or Enter, or press ? or * to list all spells.
You don't know that spell.
Casting: Iron Shot (dangerous; 1% risk of failure)
Confirm with . or Enter, or press ? or * to list all spells.
You feel a surge of power!
You erupt in a fountain of uncontrolled magic!
The culicivora is blasted with magical radiation!!!
You kill the culicivora!
Sif Muna accepts your kill.
The wolf spider simulacrum is blasted with magical radiation!!
The wolf spider simulacrum is almost destroyed.
You are very lightly contaminated with residual magic.
A freezing mist starts to gather...
A culicivora simulacrum comes into view.
The wolf spider simulacrum hits you! The wolf spider simulacrum freezes you!
You resist. The wolf spider simulacrum bites you!
* * * LOW HITPOINT WARNING * * *
The wolf spider simulacrum freezes you! You resist.
* * * LOW HITPOINT WARNING * * *
Casting: Irradiate (dangerous; 1% risk of failure)
Confirm with . or Enter, or press ? or * to list all spells.
Okay, then.
Unknown command.
You feel much better.
The wolf spider simulacrum hits you but does no damage.
The wolf spider simulacrum bites you. The wolf spider simulacrum freezes you!
You resist.
* * * LOW HITPOINT WARNING * * *
The culicivora simulacrum bites you!
* * * LOW HITPOINT WARNING * * *
The culicivora simulacrum freezes you! You resist.
You die...

# .. ### ...
##..## ....
#.†..##
.....##.....##
#.....s.....##
#..@......#
#.Z!Z.#....
##...## ^
....# .....#
......#
........
#........


You could see a jumping spider, a wolf spider simulacrum and a culicivora
simulacrum.

Vanquished Creatures
  Rupert (D:15)
  Agnes (D:15)
  Azrael (D:15)
  A great orb of eyes (D:15)
  A yaktaur captain (D:13)
  Josephine (Orc:1)
  Fannar (Lair:2)
  3 boulder beetles
  A rakshasa (D:15)
  8 hydras
  2 catoblepae
  3 two-headed ogres (D:12)
  3 centaur warriors
  4 tengu warriors
  4 orc high priests (Orc:2)
  Amaemon (D:9)
  7 skeletal warriors
  A pharaoh ant (Spider:1)
  7 orc knights
  2 deep elf pyromancers
  A wolf spider (Spider:1)
  10 ugly things
  A manticore (shapeshifter) (D:15)
  9 elephants
  4 orc sorcerers
  2 cyclopes
  A moth of wrath (shapeshifter) (D:14)
  An oklob plant (Lair:1)
  A manticore (D:15)
  Maurice (D:9)
  7 black mambas
  3 torpor snails
  A gargoyle (D:14)
  An orange demon (D:9)
  14 cane toads
  2 kobold demonologists
  3 rime drakes
  9 komodo dragons
  An unseen horror (D:12)
  3 tengu conjurers
  2 yaktaurs (D:13)
  A queen bee (Lair:2)
  2 trolls
  13 slime creatures
  6 polar bears
  9 blink frogs (Lair:5)
  A tarantella (Spider:1)
  8 hornets
  A dream sheep (shapeshifter) (D:14)
  8 dream sheep (Lair:5)
  A culicivora (Spider:1)
  15 spriggans (Lair:5)
  Sigmund (D:2)
  7 wraiths
  A wyvern (shapeshifter) (D:14)
  A vampire (D:11)
  2 wyverns
  9 vampire mosquitoes
  46 yaks
  3 fire elementals (D:15)
  2 basilisks
  A steam dragon (D:10)
  An acid dragon (D:11)
  7 wargs
  15 water moccasins
  4 hell hounds
  37 orc warriors
  6 black bears
  2 sky beasts
  3 ice beasts
  18 wolves
  14 centaurs
  6 boggarts
  8 ogres
  3 phantoms
  Blork the orc (D:6)
  A kobold brigand (D:8)
  10 bullfrogs
  A scorpion (D:5)
  A necrophage (D:5)
  5 wights
  22 killer bees
  2 howler monkeys
  3 electric eels
  2 hounds (D:5)
  A jelly (D:5)
  21 orc priests
  3 gnoll boudas (D:6)
  4 iguanas
  39 orc wizards
  21 gnolls
  7 river rats
  13 adders
  A shadow imp (D:7)
  A white imp (D:6)
  An ufetubus (D:5)
  3 worms
  2 dart slugs
  120 orcs
  9 endoplasms
  5 giant cockroaches
  4 hobgoblins
  11 jackals
  5 quokkas
  14 ball pythons
  20 bats
  3 frilled lizards
  5 goblins
  13 kobolds
  12 rats
778 creatures vanquished.

Vanquished Creatures (collateral kills)
  An orc knight (Orc:1)
1 creature vanquished.

Vanquished Creatures (others)
  A water elemental (D:15)
  An electric eel (D:15)
  2 orc priests (Orc:2)
  3 orc wizards
  An orc (Orc:2)
  A bush (Lair:1)
  58 fungi
  64 plants
131 creatures vanquished.

Grand Total: 910 creatures vanquished

Notes
Turn   | Place    | Note
-------+----------+-------------------------------------------
     0 | D:1      | Axelsxxd the Octopode Earth Elementalist began the quest
                  | for the Orb.
     0 | D:1      | Reached XP level 1. HP: 11/11 MP: 3/3
    90 | D:1      | Reached XP level 2. HP: 11/18 MP: 0/5
   277 | D:1      | Reached skill level 1 in Fighting
   618 | D:1      | Reached XP level 3. HP: 23/23 MP: 4/6
   685 | D:1      | Learned a level 3 spell: Stone Arrow
  1186 | D:2      | Noticed Sigmund
  1195 | D:2      | Killed Sigmund
  1196 | D:2      | Reached skill level 1 in Conjurations
  1196 | D:2      | Reached XP level 4. HP: 12/29 MP: 1/8
  1196 | D:2      | Reached XP level 5. HP: 14/34 MP: 1/9
  1909 | D:2      | Reached XP level 6. HP: 39/39 MP: 4/10
  2363 | D:3      | Found a faded altar of an unknown god.
  2787 | D:3      | Found a white marble altar of Elyvilon.
  3872 | D:4      | Identified the +4 leather armour "Hono" {rElec rF+}
  4679 | D:5      | Entered Level 5 of the Dungeon
  4704 | D:5      | Reached XP level 7. HP: 45/45 MP: 9/12
  4794 | D:5      | Found a staircase to the Ecumenical Temple.
  4812 | D:5      | Found a glowing drain.
  4826 | Sewer    | Entered a sewer
  5973 | D:5      | Found an iron altar of Okawaru.
  6004 | D:5      | Found Micomuca's Weapon Emporium.
  6059 | D:5      | Reached skill level 5 in Earth Magic
  6083 | Temple   | Entered the Ecumenical Temple
  6242 | D:5      | Reached XP level 8. HP: 52/52 MP: 10/14
  7042 | D:6      | Reached skill level 5 in Spellcasting
  7116 | D:6      | Noticed a yak
  7118 | D:6      | Noticed a yak
  7120 | D:6      | Noticed a yak
  7122 | D:6      | Noticed a yak
  7123 | D:6      | Noticed a yak
  7127 | D:5      | Killed a yak
  7128 | D:5      | Reached skill level 5 in Conjurations
  7291 | D:6      | Noticed Blork the orc
  7291 | D:6      | Found Huoggut's Armour Boutique.
  7294 | D:6      | Killed Blork the orc
  7360 | D:5      | Killed a yak
  7523 | D:5      | Reached XP level 9. HP: 25/56 MP: 12/16
  7752 | D:5      | Reached skill level 5 in Dodging
  8580 | D:6      | Learned a level 5 spell: Lightning Bolt
  8881 | D:6      | Found a sacrificial altar of Ru.
  8987 | D:6      | Found an ancient bone altar of Kikubaaqudgha.
  8992 | D:6      | Found a shimmering blue altar of Sif Muna.
  8994 | D:6      | Found a radiant altar of Vehumet.
  9006 | D:6      | Got Vehumet's Lectures on the Salvo
  9015 | D:6      | Became a worshipper of Sif Muna the Loreminder
  9180 | D:7      | Found a basalt altar of Yredelemnul.
  9200 | D:7      | Reached skill level 1 in Air Magic
  9254 | D:7      | Found a broken altar of Ashenzari.
  9447 | D:7      | Found an opulent altar of Gozag.
  9456 | D:7      | Found a sparkling altar of Nemelex Xobeh.
  9456 | D:7      | Found a snail-covered altar of Cheibriados.
  9722 | D:7      | Found a stormy altar of Qazlal.
 10056 | D:7      | Found Ygunaif's Magic Scroll Emporium.
 10094 | D:7      | Bought a scroll of enchant weapon for 112 gold pieces
 10094 | D:7      | Bought a scroll of blinking for 112 gold pieces
 10094 | D:7      | Bought a scroll of magic mapping for 112 gold pieces
 10094 | D:7      | Bought a scroll of poison for 60 gold pieces
 10483 | D:8      | Reached XP level 10. HP: 24/63 MP: 19/19
 10879 | D:8      | Reached * piety under Sif Muna
 11057 | D:8      | Reached skill level 5 in Air Magic
 11146 | D:8      | Noticed a catoblepas
 11154 | D:8      | Killed a catoblepas
 11657 | D:9      | Noticed Maurice
 11661 | D:9      | Killed Maurice
 12687 | D:9      | Found a shimmering altar of Xom.
 12700 | D:9      | Noticed Amaemon
 12708 | D:9      | Noticed an orange demon
 12713 | D:9      | Killed Amaemon
 12714 | D:9      | Reached XP level 11. HP: 67/67 MP: 8/21
 13860 | D:10     | Entered Level 10 of the Dungeon
 13867 | D:10     | Reached ** piety under Sif Muna
 13940 | D:9      | HP: 3/67 [yak (12)]
 14342 | D:10     | Identified the +3 leather armour of Koco {Rampage *Slow rF+
                  | Dex+6}
 14387 | D:10     | Found a hide-covered altar of Uskayaw.
 14521 | D:10     | Identified the +10 long sword of Uskayaw's Benevolence
                  | {vorpal, rElec rF- Str+9}
 14676 | D:10     | Identified the ring of Seixiu {rPois Will+ MP+9 Slay+2}
 14733 | D:10     | Found a runed translucent door.
 14904 | D:10     | Noticed Irupsat's ghost (journeyman DrCj)
 14962 | D:11     | Found a staircase to the Lair.
 15224 | D:11     | Found a staircase to the Orcish Mines.
 15655 | D:11     | Reached *** piety under Sif Muna
 15657 | D:11     | Reached skill level 10 in Earth Magic
 15667 | D:11     | Noticed a boulder beetle
 16195 | D:11     | Killed a boulder beetle
 16498 | D:12     | Noticed a two-headed ogre
 16504 | D:12     | Killed a two-headed ogre
 16505 | D:12     | Reached XP level 12. HP: 72/72 MP: 20/24
 16591 | D:12     | Noticed a two-headed ogre
 16595 | D:12     | Killed a two-headed ogre
 16814 | D:12     | Noticed a two-headed ogre
 16817 | D:12     | Killed a two-headed ogre
 16818 | D:12     | Reached skill level 10 in Conjurations
 16851 | D:12     | Reached skill level 1 in Evocations
 17144 | D:12     | Reached skill level 1 in Invocations
 17770 | D:13     | Noticed a five-headed hydra
 17860 | Lair:1   | Entered Level 1 of the Lair of Beasts
 17930 | Lair:1   | Identified the +9 chain mail of Veefaale {rElec}
 17946 | Lair:1   | Noticed an eight-headed hydra
 18444 | Lair:1   | Killed an eight-headed hydra
 18899 | Lair:2   | You are sucked into a shaft and drop 1 floor!
 19341 | Lair:2   | Reached skill level 5 in Fighting
 19500 | Lair:2   | Reached **** piety under Sif Muna
 20263 | Lair:2   | Found a staircase to the Swamp.
 20263 | Lair:2   | Noticed Fannar
 20269 | Lair:2   | Killed Fannar
 20443 | Lair:2   | Found a hole to the Spider Nest.
 20785 | Lair:3   | Reached XP level 13. HP: 62/83 MP: 25/25
 21468 | Lair:3   | Found a runed translucent gate.
 21468 | Lair:3   | Found a runed translucent gate.
 21468 | Lair:3   | Found a runed translucent gate.
 21473 | Lair:3   | Noticed Mandevil's ghost (journeyman TrEE)
 22269 | Lair:4   | Reached ***** piety under Sif Muna
 22397 | Lair:4   | Found a dark tunnel.
 23174 | Lair:5   | Entered Level 5 of the Lair of Beasts
 23339 | Lair:5   | Received a gift from Sif Muna
 23342 | Lair:5   | Got Sif Muna's Octavo of Harmful Hypothermia {god gift}
 23350 | Lair:5   | Learned a level 6 spell: Iron Shot
 23749 | Lair:5   | Found a staircase to the Slime Pits.
 23750 | Lair:5   | Found a viscous altar of Jiyva.
 23785 | Lair:5   | Reached skill level 10 in Spellcasting
 24366 | Lair:5   | Reached XP level 14. HP: 90/90 MP: 28/28
 26641 | Lair:5   | Received a gift from Sif Muna
 26660 | Lair:5   | Got Sif Muna's Compendium of Blasts {god gift}
 27186 | Orc:1    | Entered Level 1 of the Orcish Mines
 27377 | Orc:2    | Entered Level 2 of the Orcish Mines
 29000 | Orc:2    | Received a gift from Sif Muna
 29008 | Orc:2    | Got Sif Muna's Commentary on Striking {god gift}
 29053 | Orc:1    | Learned a level 5 spell: Irradiate
 30261 | Orc:2    | Found a staircase to the Elven Halls.
 30575 | Orc:2    | Reached XP level 15. HP: 94/94 MP: 21/30
 30878 | Orc:2    | Found Reit's Weapon Emporium.
 30878 | Orc:2    | Found Zebugg's Jewellery Shop.
 30886 | Orc:2    | Found Lyedoergh's Distillery.
 30886 | Orc:2    | Found Igeus's Jewellery Shop.
 30898 | Orc:2    | Bought a ring of magical power for 300 gold pieces
 30902 | Orc:2    | Bought a ring of protection from fire for 400 gold pieces
 30910 | Orc:2    | Bought a potion of curing for 45 gold pieces
 30910 | Orc:2    | Bought a potion of resistance for 150 gold pieces
 30910 | Orc:2    | Bought a potion of brilliance for 60 gold pieces
 30910 | Orc:2    | Bought a potion of brilliance for 60 gold pieces
 30910 | Orc:2    | Bought a potion of attraction for 45 gold pieces
 30910 | Orc:2    | Bought a potion of brilliance for 60 gold pieces
 30910 | Orc:2    | Bought a potion of flight for 45 gold pieces
 30910 | Orc:2    | Bought a potion of curing for 45 gold pieces
 30910 | Orc:2    | Bought a potion of curing for 45 gold pieces
 31050 | Orc:1    | Noticed Josephine
 31099 | Orc:1    | Killed Josephine
 31479 | D:13     | Found a gate to the Vaults.
 33120 | D:14     | Noticed Roxanne
 34022 | D:14     | Found an opulent altar of Gozag.
 34631 | D:15     | Entered Level 15 of the Dungeon
 34671 | D:15     | Noticed Azrael
 34675 | D:14     | Received a gift from Sif Muna
 34679 | D:14     | Got Sif Muna's Disquisition on Moulding and Spelunking {god
                  | gift}
 34687 | D:14     | Learned a level 6 spell: Statue Form
 34770 | D:15     | Noticed Agnes
 34874 | D:15     | Killed Agnes
 34880 | D:15     | Identified the +10 falchion of the Enemy {pain, rF+ rC-
                  | Int+9}
 35188 | D:15     | Noticed Rupert
 35588 | D:15     | Found a blossoming altar of Fedhas.
 35938 | D:15     | Found a staircase to the Depths.
 35984 | D:15     | Reached skill level 5 in Transmutations
 36361 | D:15     | Killed Rupert
 36629 | D:15     | Reached XP level 16. HP: 16/99 MP: 27/32
 36731 | D:15     | Killed Azrael
 37669 | Spider:1 | Entered Level 1 of the Spider Nest
 37679 | Spider:1 | Slain by a culicivora simulacrum

Illustrated notes

Levels and vault maps discovered:
D:1:      lemuel_arrival_river_ford, layout_basic
D:2:      layout_basic, uniq_sigmund
D:3:      layout_basic, nicolae_elyvilon_temple_path,
          shapermc_ecumenical_altar_venn
D:4:      layout_layer_cave
D:5:      layout_basic, okawaru_trees_2, minmay_temple_entry_arrows,
          portal_sewer_entry_a, serial_shops, shop, lemuel_old_faithful
D:6:      layout_rooms, grunt_temple_overflow_magic_moments,
          nicolae_ru_path_of_blood, serial_shops, nicolae_stop_n_shop_2,
          uniq_blork_the_orc
D:7:      layout_loops_ring, mainiacjoe_overflow_alcove_4,
          nicolae_overflow_hidden_temple, mainiacjoe_overflow_24_doors,
          minitemple, serial_shops, nicolae_shop_stone
D:8:      layout_basic, chequers_serial_rivers_room_b, minmay_starry_boxes
D:9:      layout_grid_maze, mainiacjoe_overflow_cross_hatched, uniq_amaemon,
          uniq_maurice
D:10:     layout_big_octagon, lemuel_tele_altar, ebering_ghost_reflecting_pool,
          eino_small_chamber_without_monster
D:11:     layout_irregular_city, erik_lair_orcish_takeover, hiddenorc2_lemuel
D:12:     layout_basic
D:13:     layout_loops_ring, david_vaults_2
D:14:     layout_cave_pools, nicolae_gozag_seed_capital, uniq_roxanne
D:15:     gammafunk_enter_depths_forms, layout_loops_ring, minivault_14,
          special_room [special_room_orc], fedhas_altar_3, uniq_rupert,
          uniq_agnes, uniq_azrael
Temple:   nicolae_temple_colour_theory
Lair:1:   layout_hall_layers, minmay_lair_oklob_bushes,
          grunt_forest_small_clearings, grunt_megastairs_1,
          infiniplex_staircase_pool_2, serial_bayou_shore_a
Lair:2:   layout_roguey, swamp_mist_pool, spider_nest_entry_web_field,
          special_room [special_room_bee], uniq_fannar
Lair:3:   layout_hall_layers, ebering_ghost_rock_garden, minivault_27,
          lemuel_fruit_fields, grunt_megastairs_2
Lair:4:   layout_cave_shapes, lightli_volcano_entry_magma_tube, minivault_23,
          infiniplex_staircase_pool
Lair:5:   minmay_lair_end_enchanted_forest, layout_loops_ring, slime_entry_1,
          minmay_shattered_shrine
Spider:1: layout_spider_delve
Orc:1:    layout_caves, basic_altar, roderic_batcave, uniq_josephine
Orc:2:    grunt_orc_tribal_feast, layout_caves, special_room,
          kennysheep_orc_chapel

Skill      XL: |  1  2  3  4  5  6  7  8  9 10 11 12 13 14 15 16 |
---------------+-------------------------------------------------+-----
Fighting       | 1 2 3 6 |  6.0
Spellcasting   | 3 4 5 6 7 8 10 11 12 | 12.5
Conjurations   | 1 2 3 5 6 7 9 10 11 13 14 | 14.2
Earth Magic    | 4 5 7 8 9 10 11 12 14 | 14.9
Dodging        | 3 4 5 7 8 9 |  9.0
Air Magic      | 3 6 8 |  8.0
Stealth        | 4 |  4.0
Evocations     | 3 |  3.2
Invocations    | 3 |  3.0
Transmutations | 2 5 |  5.6

Action                   |  1- 3 |  4- 6 |  7- 9 | 10-12 | 13-15 | 16-18 || total
-------------------------+-------+-------+-------+-------+-------+-------++-------
Melee: Unarmed           |    12 |     8 |     7 |       |       |       ||    27
       Tentacles         |     3 |     1 |     6 |     7 |    14 |     2 ||    33
       Constrict         |     3 |     3 |     7 |     9 |    16 |     3 ||    41
       Staff             |       |       |    13 |    31 |    59 |     8 ||   111
       Punch             |       |       |       |     3 |       |       ||     3
 Cast: Sandblast         |    41 |    72 |   163 |   104 |    86 |    17 ||   483
       Stone Arrow       |       |     1 |    46 |   249 |   195 |     9 ||   500
       Lightning Bolt    |       |       |       |    47 |   211 |     9 ||   267
       Iron Shot         |       |       |       |       |   111 |     9 ||   120
       Irradiate         |       |       |       |       |    10 |     1 ||    11
Evoke: Wand              |       |       |       |     3 |    10 |       ||    13
  Use: Potion            |     1 |       |     1 |     1 |     1 |     1 ||     5
       Scroll            |       |     6 |    10 |    10 |     9 |       ||    35
 Stab: Sleeping          |       |     1 |       |       |       |       ||     1
Armor: Skin              |     2 |     2 |     8 |    32 |    92 |     5 ||   141
Dodge: Dodged            |    23 |    22 |   121 |   182 |   361 |    21 ||   730
